AoeStats
← ska_18

Nomad

508214359Analyzed
3v3 RM · 10d ago on Sep 21, 2026· 38m 54s· 6 players
Game mode
Random Map
Map size
210×210
Population
200
Speed
Normal
Resources
Standard
Victory
Conquest
Starting age
Dark Age
Ending age
Imperial Age
RankedLock teamsTeams togetherTeam positionsShared explorationLock speedFull tech treeHidden civsTurbo modeCheats
Victory
Defeat
🇨🇳 Franks · China
913
+16
🇨🇳 Chinese · China
863
+18
🇫🇷 Bengalis · France
819
+19
🇫🇷 Inca · France
917
-35
🇦🇹 Saracens · Austria
916
-18
🇹🇷 Britons · Türkiye
893
-17
ska_18
3:33 Loom
15:48 Feudal Age
21:51 Castle Age
19:38 Double-Bit Axe
20:22 Fishing Lines
21:21 Fletching
22:28 Town Watch
22:55 Bow Saw
23:22 Wheelbarrow
23:27 Medium Warships
25:25 Hand Cart
28:06 Gillnets
35:32 Imperial Age
33:55 Forging
33:45 Scale Mail Armor
33:36 Horse Collar
34:49 Scale Barding Armor
35:20 Iron Casting
34:41 Bodkin Arrow
38:35 Two-Man Saw
37:27 Gold Mining
37:28 Stone Mining
37:39 Heavy Plow
38:22 Hoardings
38:17 Conscription
39:09 Chemistry
39:03 Hoardings
Börü 𐰋𐰇𐰼𐰇
6:59 Loom
17:41 Feudal Age
21:25 Castle Age
19:30 Fishing Lines
19:56 Padded Archer Armor
19:55 Horse Collar
21:33 Wheelbarrow
24:48 Pikeman
26:23 Fletching
26:30 Stone Mining
27:08 Bodkin Arrow
27:25 Gillnets
28:50 Leather Archer Armor
28:34 Double-Bit Axe
28:51 Heavy Plow
28:46 Gold Mining
32:15 Ballistics
33:12 Yeomen
35:02 Hand Cart
tiwiluchiwatime
22:55 Feudal Age
24:17 Gold Mining
24:45 Double-Bit Axe
磐石
8:15 Loom
14:58 Feudal Age
21:13 Castle Age
20:31 Double-Bit Axe
34:23 Wheelbarrow
37:02 Gold Mining
37:42 Hand Cart
37:41 Bow Saw
clever101994
4:17 Loom
15:26 Feudal Age
23:06 Castle Age
21:42 Forging
26:57 Fletching
27:33 Bodkin Arrow
28:57 Ballistics
28:50 Murder Holes
29:20 Medium Warships
30:36 Gold Mining
32:29 Double-Bit Axe
35:59 Imperial Age
34:51 Gold Shaft Mining
34:36 Bow Saw
34:54 Masonry
34:40 Horse Collar
35:37 Padded Archer Armor
36:59 Town Watch
38:18 Conscription
39:19 Conscription
Zbar
7:44 Loom
15:36 Feudal Age
16:20 Town Watch
25:25 Castle Age
24:17 Stone Mining
24:18 Gold Mining
24:14 Horse Collar
24:21 Double-Bit Axe
33:05 Wheelbarrow
35:18 Hand Cart
37:12 Ballistics
37:02 Town Patrol
37:46 Medium Warships
38:51 Bow Saw
38:44 Heavy Plow
38:42 Pikeman
Connection lost

Rejoining the realm…

Still unreachable

The connection could not be restored.

Session expired

The server has moved on; the page needs a fresh start.